 Dungeon Crawl Stone Soup version 0.30.1-4-g462c640d31 (webtiles) character file.

Game seed: 16274608799854405874

198 Peloso the Covered (level 5, 0/47 HPs)
             Began as a Minotaur Fighter on Aug 13, 2023.
             Was an Initiate of Okawaru.
             Slain by an ogre
             ... wielding a +0 giant club
              (24 damage)
             ... on level 4 of the Dungeon.
             The game lasted 00:11:10 (3610 turns).

Peloso the Covered (Minotaur Fighter)               Turns: 3610, Time: 00:11:11

Health: 0/47       AC:  7    Str: 20    XL:     5   Next: 47%
Magic:  4/4        EV: 10    Int:  5    God:    Okawaru [......]
Gold:   188        SH:  5    Dex: 12    Spells: 4/4 levels left

rFire   . . .        a - +0 long sword
rCold   . . .        (no shield)
rNeg    . . .        b - +0 scale mail
rPois   .            (helmet restricted)
rElec   .            (no cloak)
rCorr   .            (no gloves)
SInv    .            (no boots)
Will    +....        j - amulet of reflection Stlth
                     l - ring of willpower
HPRegen 0.27/turn    (no ring)
MPRegen 0.09/turn

%: reflection
@: no status effects
A: horns 2, retaliatory headbutt
a: Renounce Religion


You were on level 4 of the Dungeon.
You worshipped Okawaru.
Okawaru was noncommittal.
You visited 2 branches of the dungeon, and saw 5 of its levels.
You also visited: Sewer.

You collected 188 gold pieces.

Inventory:

Hand Weapons
 a - a +0 long sword (weapon)
Armour
 b - a +0 scale mail (worn)
 d - a +0 buckler
Magical Staves
 c - a staff of fire
Jewellery
 j - an amulet of reflection (around neck)
 l - a ring of willpower (left hand)
Wands
 o - a wand of polymorph (10)
Scrolls
 e - 2 scrolls of immolation
 g - 2 scrolls of silence
 i - a scroll of fog
 k - a scroll of enchant weapon {unknown}
 m - 2 scrolls of magic mapping
 t - a scroll of teleportation {unknown}
 v - a scroll of poison {unknown}
 w - a scroll of amnesia {unknown}
Potions
 f - a potion of lignification
 h - 2 potions of invisibility {unknown}
 n - 3 potions of ambrosia
 p - a potion of resistance
 q - 5 potions of might
 r - 2 potions of flight
 s - 2 potions of heal wounds
 u - a potion of berserk rage {unknown}


   Skills:
 + Level 4.7 Fighting
 + Level 4.3 Long Blades
 + Level 4.8 Armour
 + Level 1.0 Dodging
 + Level 0.2 Stealth
 + Level 4.4 Shields


You had 4 spell levels left.
You didn't know any spells.
Your spell library contained the following spells:

 Spells                   Type           Power      Damage    Failure   Level
 Freeze                   Ice            0%         1d3       82%         1
 Magic Dart               Conj           0%         1d3       82%         1
 Cigotuvi's Dreadful Rot  Necr/Pois/Air  0%         N/A       91%         2
 Scorch                   Fire           0%         2d5       91%         2
 Searing Ray              Conj           0%         2d4       91%         2
 Frozen Ramparts          Ice            0%         1d1       99%         3
 Hailstorm                Conj/Ice       0%         3d3       99%         3
 Dispel Undead            Necr           0%         3d6       100%        4
 Flame Wave               Conj/Fire      0%         2d4       100%        4
 Fulminant Prism          Conj/Hex       0%         3d5       100%        4
 Death Channel            Necr           Unusable   N/A       N/A         6
 Summon Cactus Giant      Summ           Unusable   N/A       N/A         6

Dungeon Overview and Level Annotations

Branches:
Dungeon (4/15)             Temple (1/1) D:4           Sewer (visited)

Altars:
Ashenzari
Cheibriados
Dithmenos
Elyvilon
Fedhas
Hepliaklqana
Kikubaaqudgha
Okawaru
Ru
Uskayaw
Vehumet
Yredelemnul
Zin

Shops:
D:4 =*=

Annotations:
D:3 1 runed translucent door, kalagan's ghost, weakling DECj
D:4 exclusion: statue


Innate Abilities, Weirdness & Mutations

You have a pair of horns on your head.
You reflexively headbutt those who attack you in melee.


Message History

You kill the giant cockroach!
Okawaru accepts your kill.
Things that are here:
a +0 short sword; a giant cockroach corpse; a kobold corpse A frost-covered statue comes into view.
Found a robe.
Found a radiant altar of Vehumet.
Marking area around a frost-covered statue as unsafe for travelling.
A hobgoblin comes into view.
Found a scroll labelled SYCIUN URIA.
The hobgoblin shouts!
A hobgoblin is nearby!
A hobgoblin is nearby!
A hobgoblin is nearby!
The hobgoblin closely misses you. You furiously retaliate!
You headbutt the hobgoblin. You closely miss the hobgoblin.
The hobgoblin is severely wounded.
The hobgoblin closely misses you. You furiously retaliate!
You headbutt the hobgoblin!
You kill the hobgoblin!
Okawaru accepts your kill.
Found Kuoppaf's Jewellery Boutique.
You see here a hobgoblin corpse.
w - a scroll labelled SYCIUN URIA
Found Qerphyeb's Assorted Antiques.
You now have 188 gold pieces (gained 11).
An ogre comes into view. It is wielding a +0 giant club.
Found 6 stones.
Okay, then.
You hit the ogre. You headbutt the ogre.
The ogre is moderately wounded.
The ogre hits you with a +0 giant club!!
You barely miss the ogre. You headbutt the ogre!
The ogre is severely wounded.
The ogre hits you with a +0 giant club.
You hit the ogre. You headbutt the ogre.
The ogre is almost dead.
The ogre hits you with a +0 giant club!!
Ouch! That really hurt!
You die...

..... #..##.
#.#.# #.##.
#.###( #.#.# #
..# #. #.#(#
.### ## #.#.# <
#.#.#
.#######.#.#
.........#O###.#
#.#
≈≈≈≈≈≈≈..@.....#
#.#
......≈..#.#####
#.# ≈≈≈≈≈.≈..#.#
#.# ....≈.≈..#.#
#.# ≈≈≈.≈.≈..#.#
#.# ≈∩≈.≈.≈.##.#
#######.####
..≈.≈.≈.# ..
............
≈≈≈.≈.≈.# ##
........####
....≈.≈.#
.#####..#


You could see an ogre.

Vanquished Creatures
  A jelly (D:4)
  Robin (D:2)
  3 adders
  A river rat (Sewer)
  A worm (D:2)
  A dart slug (D:1)
  5 orcs (D:3)
  11 ball pythons
  9 bats
  An endoplasm (D:4)
  8 giant cockroaches
  14 goblins
  6 hobgoblins
  3 jackals (D:2)
  5 quokkas
  13 frilled lizards
  9 kobolds
  18 rats
110 creatures vanquished.

Notes
Turn   | Place    | Note
-------+----------+-------------------------------------------
     0 | D:1      | Peloso the Minotaur Fighter began the quest for the Orb.
     0 | D:1      | Reached XP level 1. HP: 19/19 MP: 0/0
   217 | D:1      | Reached XP level 2. HP: 26/27 MP: 1/1
   577 | D:1      | Reached XP level 3. HP: 30/31 MP: 2/2
  1148 | D:2      | Noticed Robin
  1189 | D:2      | Killed Robin
  1190 | D:2      | Reached XP level 4. HP: 27/41 MP: 3/3
  1619 | D:2      | Found a faded altar of an unknown god.
  2089 | D:3      | Found a glowing drain.
  2096 | Sewer    | Entered a sewer
  2155 | Sewer    | Reached skill level 1 in Dodging
  2387 | Sewer    | Reached XP level 5. HP: 47/47 MP: 4/4
  2678 | D:3      | Found a runed translucent door.
  2857 | D:3      | Noticed kalagan's ghost (weakling DECj)
  3404 | D:4      | Found a staircase to the Ecumenical Temple.
  3412 | Temple   | Entered the Ecumenical Temple
  3445 | Temple   | Became a worshipper of Warmaster Okawaru
  3510 | D:4      | Found Asecept's Jewellery Shoppe.
  3571 | D:4      | Found a radiant altar of Vehumet.
  3571 | D:4      | Noticed a frost-covered statue
  3583 | D:4      | Found Kuoppaf's Jewellery Boutique.
  3591 | D:4      | Found Qerphyeb's Assorted Antiques.
  3606 | D:4      | Noticed an ogre
  3610 | D:4      | Slain by an ogre

Illustrated notes

Levels and vault maps discovered:
D:1:      scummos_arrival_forest, layout_loops_ring
D:2:      layout_loops_ring, hellmonk_ecumenical_altar_leap_of_faith,
          st_stairs_14, minmay_misc_feat_nine_boxes, minmay_misc_feat_pillars,
          eino_curves_03, uniq_robin
D:3:      layout_basic, portal_sewer_entry_e, ebering_ghost_reflecting_pool,
          minmay_ruptured
D:4:      layout_loops_ring, vehumet_statue, minmay_temple_entry_mini_moons,
          serial_shops, nicolae_shop_tiny_waterfront, nicolae_shop_trees,
          nicolae_inconvenience_store, shop, chequers_serial_rivers_micro_d,
          chequers_serial_rivers_small_b
Temple:   eino_wide_crystal_templ

Skill      XL: |  1  2  3  4  5 |
---------------+----------------+-----
Fighting       | 4 |  4.7
Armour         | 4 |  4.8
Shields        | 4 |  4.4
Long Blades    | 3 4 |  4.3
Dodging        | 1 |  1.0
Stealth        | |  0.2

Action                     |  1- 3 |  4- 6 || total
---------------------------+-------+-------++-------
  Melee: Long sword        |   109 |   135 ||   244
         Headbutt          |    11 |    23 ||    34
         Punch             |       |     1 ||     1
    Use: Scroll            |     1 |     8 ||     9
         Potion            |     1 |       ||     1
 Armour: Scale mail        |    63 |    59 ||   122
  Dodge: Dodged            |    64 |    74 ||   138
  Block: Buckler           |    35 |    16 ||    51
         Other             |       |    33 ||    33
